 Dungeon Crawl Stone Soup version 0.29.1-15-g9cfb28693d (webtiles) character file.

Game seed: 13793693691714358836

1621 tizbic2 the Chiller (level 8, -4/80 HPs)
             Began as an Ogre Ice Elementalist on Apr 19, 2023.
             Was a Priest of Zin.
             Killed from afar by Maggie (11 damage)
             ... with a bolt of fire
             ... on level 6 of the Dungeon.
             The game lasted 00:29:15 (7508 turns).

tizbic2 the Chiller (Ogre Ice Elementalist)         Turns: 7508, Time: 00:29:16

Health: -4/80      AC:  7    Str: 14    XL:     8   Next: 96%
Magic:  15/15      EV: 10    Int: 19    God:    Zin [***...]
Gold:   120        SH:  0    Dex: 10    Spells: 6/17 levels left

rFire   + . .      SeeInvis .   A - +2 dagger (speed)
rCold   + . .      Faith    .   (no shield)
rNeg    . . .      Spirit   .   e - +1 robe
rPois   ∞          Reflect  .   (helmet restricted)
rElec   .          Harm     .   k - +2 cloak
rCorr   .          Rampage  .   (gloves unavailable)
Will    .....                   (boots unavailable)
Stlth   ++........              (no amulet)
HPRegen 0.23/turn               o - ring of protection from cold
MPRegen 0.14/turn               u - ring of protection from fire

@: vitalised, reciting, mesmerised
A: large, unfitting armour, tough skin 1
a: Renounce Religion, Recite, Vitalisation, Imprison, Donate Gold


You were on level 6 of the Dungeon.
You worshipped Zin.
Zin was most pleased with you.
You visited 1 branch of the dungeon, and saw 6 of its levels.
You also visited: Sewer.

You collected 282 gold pieces.
You spent 90 gold pieces at shops.
You donated 72 gold pieces to Zin.

Inventory:

Hand Weapons
 a - a +0 spectral mace
 l - a +0 giant club
 w - a +0 shortbow
 A - a +2 dagger of speed (weapon)
Missiles
 j - 6 boomerangs of dispersal
 y - 9 poisoned darts
 G - a curare-tipped dart
Armour
 e - a +1 robe (worn)
 k - a +2 cloak (worn)
Jewellery
 f - a ring of positive energy
 o - a ring of protection from cold (left hand)
 u - a ring of protection from fire (right hand)
Wands
 p - a wand of mindburst (5)
 x - a wand of flame (5)
Scrolls
 g - 2 scrolls of fog {unknown}
 h - a scroll of fear {unknown}
 i - a scroll of amnesia {unknown}
 m - 3 scrolls of silence
 q - a scroll of blinking {unknown}
 s - 2 scrolls of vulnerability {unknown}
 t - a scroll of enchant weapon {unknown}
 v - a scroll of poison {unknown}
 z - a scroll of noise {unknown}
Potions
 b - a potion of might
 n - 5 potions of curing
 r - a potion of attraction
 C - a potion of resistance {unknown}
 D - 2 potions of haste {unknown}
 E - a potion of invisibility
 F - a potion of experience {unknown}
 H - a potion of brilliance {unknown}


   Skills:
 + Level 5.3 Fighting
 * Level 4.8 Maces & Flails
 - Level 2.4 Dodging
 - Level 1.6 Stealth
 + Level 5.3 Spellcasting
 + Level 2.5 Conjurations
 * Level 6.7 Ice Magic


You had 6 spell levels left.
You knew the following spells:

 Your Spells              Type           Power      Damage    Failure   Level
a - Freeze                Ice            100%       1d11      1%          1
b - Frozen Ramparts       Ice            60%        1d10      2%          3
c - Ozocubu's Armour      Ice            30%        N/A       2%          3
d - Hailstorm             Conj/Ice       22%        3d7       19%         4

Your spell library contained the following spells:

 Spells                   Type           Power      Damage    Failure   Level
 Tukima's Dance           Hex            5%         N/A       36%         3
 Passage of Golubria      Tloc           5%         N/A       77%         4
 Yara's Violent Unravell  Hex/Tmut       2%         3d3       98%         5


Dungeon Overview and Level Annotations

Branches:
Dungeon (6/15)              Sewer (visited)
 Temple: D:4-7

Altars:
Cheibriados
Fedhas
Nemelex Xobeh
Qazlal
Yredelemnul
Zin

Shops:
D:4 *

Annotations:
D:4 3 runed translucent doors
D:6 Maggie


Innate Abilities, Weirdness & Mutations

You are too large for most types of armour.
You have tough skin. (AC +1)


Message History

Maggie is almost dead.
Maggie closely misses you.
You closely miss Maggie.
Maggie is almost dead.
Maggie points at you and mumbles some strange words.
The bolt of fire hits you. You resist.
* * * LOW HITPOINT WARNING * * *
Maggie points at you and mumbles some strange words.
The bolt of fire hits you! You resist.
* * * LOW HITPOINT WARNING * * *
The jelly jiggles.
Your hands tingle!
A - a +2 dagger of speed (weapon)
You barely miss Maggie.
Maggie is almost dead.
Maggie hits you with a +0 vorpal broad axe!
Zin protects you from harm!
* * * LOW HITPOINT WARNING * * *
You hit Maggie but do no damage.
Maggie is almost dead.
You closely miss Maggie.
Maggie is almost dead.
Maggie misses you.
You hit Maggie.
Maggie is almost dead.
Maggie closely misses you.
You hit Maggie but do no damage.
Maggie is almost dead.
You hit Maggie but do no damage.
Maggie is almost dead.
Maggie shouts, "Leave me alone!"
Maggie hits you with a +0 vorpal broad axe.
* * * LOW HITPOINT WARNING * * *
x2 Activating: Recite (8% risk of failure)
Press: ? - help, Dir - look around, f - activate You clear your throat and prepare to recite. "And Zin said to all in attendance, 'Which of ye..."
Maggie gestures at you while chanting. The bolt of fire hits you! You resist.
You die...

##.######
..@....J#
#@# #@#
#.# #.#
####.#
#....#
#.####
#.# #.#
#.#


You could see Maggie (mesmerising) and a jelly.

Vanquished Creatures
  Grinder (D:3)
  The ghost of Kelyas the Conjurer, an amateur DsCj (D:3)
  2 ice beasts
  An ogre (D:5)
  A centaur (D:5)
  A phantom (D:4)
  3 kobold brigands (Sewer)
  A necrophage (D:5)
  2 jellies
  A hound (D:4)
  An orc priest (D:4)
  Crazy Yiuf (D:2)
  2 iguanas
  Ijyb (D:3)
  Natasha (thrice) (D:3)
  2 orc wizards (D:4)
  A scorpion zombie (D:3)
  A hound zombie (D:3)
  5 adders
  3 gnolls (D:5)
  A white imp (D:5)
  An ufetubus (D:6)
  3 worms
  3 dart slugs
  5 orcs (D:4)
  5 endoplasms
  3 giant cockroaches
  6 goblins
  14 hobgoblins
  6 jackals
  21 kobolds
  4 quokkas
  10 ball pythons
  7 bats
  5 frilled lizards
  A jackal zombie (D:3)
  A quokka zombie (D:3)
  14 rats
144 creatures vanquished.

Vanquished Creatures (others)
  2 fungi (Sewer)
  2 plants (Sewer)
4 creatures vanquished.

Grand Total: 148 creatures vanquished

Notes
Turn   | Place    | Note
-------+----------+-------------------------------------------
     0 | D:1      | tizbic2 the Ogre Ice Elementalist began the quest for the
                  | Orb.
     0 | D:1      | Reached XP level 1. HP: 16/16 MP: 3/3
   243 | D:1      | Reached XP level 2. HP: 14/24 MP: 5/5
  1524 | D:2      | Reached XP level 3. HP: 32/32 MP: 7/7
  1547 | D:2      | Reached skill level 1 in Fighting
  1720 | D:2      | Reached skill level 4 in Ice Magic
  1731 | D:2      | Learned a level 3 spell: Frozen Ramparts
  1867 | D:2      | Found a faded altar of an unknown god.
  1884 | D:2      | Prayed at the altar of an unknown god.
  1884 | D:2      | Became a worshipper of Zin the Law-Giver
  1884 | D:2      | Reached * piety under Zin
  1943 | D:2      | Donated 29 gold pieces to Zin
  1944 | D:2      | Donated 15 gold pieces to Zin
  1998 | D:2      | Reached ** piety under Zin
  2091 | D:2      | Learned a level 3 spell: Ozocubu's Armour
  2197 | D:2      | Found a runed translucent door.
  2198 | D:2      | Noticed Crazy Yiuf
  2210 | D:2      | Killed Crazy Yiuf
  2211 | D:2      | Reached XP level 4. HP: 15/42 MP: 4/8
  3010 | D:3      | Noticed Natasha
  3025 | D:3      | Killed Natasha
  3026 | D:3      | Reached XP level 5. HP: 41/49 MP: 5/10
  3044 | D:3      | Noticed Ijyb
  3120 | D:3      | Killed Ijyb
  3423 | D:3      | Found a basalt altar of Yredelemnul.
  3433 | D:3      | Reached skill level 1 in Maces & Flails
  3509 | D:3      | Noticed Natasha
  3536 | D:3      | Killed Natasha
  3537 | D:3      | Reached XP level 6. HP: 38/59 MP: 7/11
  3634 | D:3      | Noticed Natasha
  3640 | D:3      | Killed Natasha
  3766 | D:3      | Noticed Grinder
  3781 | D:3      | Paralysed by Grinder for 2 turns
  3868 | D:3      | Killed Grinder
  3869 | D:3      | Reached skill level 5 in Ice Magic
  3869 | D:3      | Reached XP level 7. HP: 17/67 MP: 7/13
  4149 | D:3      | Learned a level 4 spell: Hailstorm
  4434 | D:3      | Found a runed translucent door.
  4434 | D:3      | Noticed Kelyas's ghost (amateur DsCj)
  4460 | D:3      | Killed Kelyas's ghost
  5047 | D:4      | Reached skill level 1 in Conjurations
  5290 | D:4      | Found Ziyd's General Store.
  5311 | D:4      | Bought a scroll of enchant armour for 90 gold pieces
  5408 | D:4      | Reached XP level 8. HP: 41/78 MP: 5/14
  5577 | D:4      | Reached *** piety under Zin
  5606 | D:4      | Found a runed translucent gate.
  5606 | D:4      | Found a runed translucent gate.
  5606 | D:4      | Found a runed translucent gate.
  5769 | D:5      | Entered Level 5 of the Dungeon
  5991 | D:5      | Reached skill level 6 in Ice Magic
  6330 | D:5      | Found a sparkling altar of Nemelex Xobeh.
  6488 | D:5      | You fall into a shaft and drop 1 floor!
  6818 | D:6      | Found a glowing drain.
  6839 | Sewer    | Entered a sewer
  6868 | Sewer    | Reached skill level 5 in Spellcasting
  7040 | Sewer    | Reached skill level 5 in Fighting
  7281 | D:6      | Found a stormy altar of Qazlal.
  7356 | D:6      | Found a blossoming altar of Fedhas.
  7365 | D:6      | Found a snail-covered altar of Cheibriados.
  7464 | D:6      | Noticed Maggie
  7492 | D:6      | HP: 4/80 [Maggie/+0 vorpal broad axe (1)]
  7502 | D:6      | Zin protects you from harm!
  7508 | D:6      | Killed from afar by Maggie

Illustrated notes

Levels and vault maps discovered:
D:1:      sevenhm_arrival_forest_fort_large_4, layout_basic
D:2:      layout_basic, ebering_ecumenical_altar_sacrificial,
          minmay_rat_gold_closets, uniq_crazy_yiuf_cottage
D:3:      layout_loops_ring, nicolae_yredelemnul_corpse_copse,
          gammafunk_ghost_grave, serial_rivers, chequers_serial_rivers_small_a,
          chequers_serial_rivers_micro_e, chequers_serial_rivers_small_b,
          chequers_serial_rivers_small_a, chequers_serial_rivers_micro_d,
          chequers_serial_rivers_small_3, kennysheep_big_empty_room,
          st_stairs_11, uniq_ijyb, uniq_grinder, uniq_natasha
D:4:      layout_cave_pools, gammafunk_ghost_icy, serial_shops,
          nicolae_square_shop
D:5:      layout_basic, mainiacjoe_overflow_paths
D:6:      layout_loops_ring, nicolae_qazlal_scattered_showers,
          mainiacjoe_overflow_catwalk_spiral, minmay_temple_entry_butterflies,
          cheibrodos_sewer_entry_sluice, uniq_eustachio, uniq_pikel, uniq_maggie

Skill      XL: |  1  2  3  4  5  6  7  8 |
---------------+-------------------------+-----
Dodging        | 2 |  2.4
Fighting       | 1 2 3 4 5 |  5.3
Ice Magic      | 4 5 6 |  6.7
Spellcasting   | 3 4 5 |  5.3
Maces & Flails | 1 2 3 4 |  4.8
Conjurations   | 1 2 |  2.5
Stealth        | |  1.6

Action                   |  1- 3 |  4- 6 |  7- 9 || total
-------------------------+-------+-------+-------++-------
Melee: Club              |    13 |       |       ||    13
       Hand axe          |    25 |       |       ||    25
       Dagger            |    37 |   103 |    62 ||   202
       Morningstar       |       |    36 |    39 ||    75
       Punch             |       |     2 |     1 ||     3
       Mace              |       |       |    83 ||    83
 Fire: Sling             |    57 |    19 |    46 ||   122
       Shortbow          |       |       |    45 ||    45
 Cast: Freeze            |    15 |    18 |    11 ||    44
       Frozen Ramparts   |     3 |    13 |    16 ||    32
       Ozocubu's Armour  |       |     2 |     3 ||     5
Invok: Donate Gold       |     2 |       |       ||     2
       Recite            |       |     2 |     4 ||     6
       Vitalisation      |       |       |     2 ||     2
  Use: Potion            |       |     5 |     3 ||     8
       Scroll            |       |       |    10 ||    10
 Stab: Sleeping          |     1 |     1 |     1 ||     3
       Invisible         |       |     2 |       ||     2
       Confused          |       |       |     3 ||     3
Armor: Robe              |    32 |    36 |    62 ||   130
       Skin              |       |     9 |       ||     9
Dodge: Dodged            |    41 |    60 |   104 ||   205
